 Dungeon Sprint DCSS version 0.22-a0-110-g5b255cf (webtiles) character file.

208138159 theanonym the Bringer of Light (level 24, 189/272 HPs)
             Began as a Deep Dwarf Gladiator on Jan 27, 2018.
             Was the Champion of the Shining One.
             Escaped with the Orb
             ... and 17 runes!
             The game lasted 00:43:20 (8730 turns).

theanonym the Bringer of Light (DDGl)               Turns: 8730, Time: 00:43:21

Health: 189/272    AC: 42    Str: 42    XL:     24   Next: 21%
Magic:  14/16      EV: 25    Int:  9    God:    the Shining One [******]
Gold:   1265       SH: 16    Dex: 15    Spells: 77/77 levels left

rFire    + + .     SeeInvis .   a - +9 triple sword (holy)
rCold    + . .     Gourm    .   (shield currently unavailable)
rNeg     + + +     Faith    .   I - +5 gold dragon scales {23 rF+ rC+ rPois}
rPois    +         Spirit   .   v - +0 helmet of Wyischomm {+Inv rElec MR- Str+3}
rElec    +         Reflect  .   k - +2 cloak
rCorr    .         Harm     .   p - +0 pair of gloves {Str+3}
MR       ++...     NoTele   +   x - +0 pair of boots {Fly}
Stlth    +.........             (no amulet)
HPRegen  0.00/turn              d - ring "Jape" {Fire Str+9 Slay+3}
MPRegen  0.15/turn              G - ring of protection from cold {rC+}

@: divine shield, non-regenerating, glowing
A: damage resistance, heal wounds, blurry vision 1, dopey 1, negative energy
resistance 1, sense surroundings 3, no regeneration
0: Orb of Zot
}: 17/15 runes: decaying, serpentine, barnacled, slimy, elven, silver, golden,
iron, obsidian, icy, bone, abyssal, glowing, magical, fiery, dark, gossamer
a: Heal Wounds, Divine Shield, Cleansing Flame, Summon Divine Warrior, Renounce
Religion, Evoke Invisibility, Evoke Flight


Innate Abilities, Weirdness & Mutations

You are resistant to damage.
You can heal yourself by infusing magical energy.
You resist negative energy. (rN+)
You passively map a large area around you.
You do not regenerate.
Scrolls take you a little longer to read.
You are dopey. (Int -2)


   Skills:
 O Level 27 Fighting
 O Level 27 Long Blades
 O Level 27 Throwing
 O Level 27 Armour
 O Level 27 Dodging
 O Level 27 Stealth
 O Level 27 Unarmed Combat
 O Level 27 Spellcasting
 O Level 27 Invocations
 O Level 27 Evocations


You had 77 spell levels left.
You didn't know any spells.

Skill      XL: |  1  2  3  4  5  6  7  8  9 10 11 12 13 14 15 16 17 18 19 20 21 22 |
---------------+-------------------------------------------------------------------+-----
Fighting       | 3 6 7 8 9 10 12 13 16 19 21 25 27 | 27.0
Armour         | 2 3 7 8 9 11 12 14 15 17 19 20 26 27 | 27.0
Long Blades    | 5 10 11 12 14 15 17 19 20 21 24 27 | 27.0
Dodging        | 4 5 8 9 10 11 12 14 15 17 18 20 23 27 | 27.0
Invocations    | 5 9 12 14 17 20 23 26 27 | 27.0
Spellcasting   | 20 27 | 27.0
Evocations     | 24 27 | 27.0
Throwing       | 14 24 27 | 27.0
Stealth        | 26 27 | 27.0
Unarmed Combat | 14 24 27 | 27.0

Action                   |  1- 3 |  4- 6 |  7- 9 | 10-12 | 13-15 | 16-18 | 19-21 | 22-24 || total
-------------------------+-------+-------+-------+-------+-------+-------+-------+-------++-------
Melee: Long sword        |    27 |    23 |    18 |       |       |       |       |       ||    68
       Scimitar          |       |       |    94 |   266 |       |       |       |       ||   360
       Great sword       |       |       |       |   215 |   237 |       |       |       ||   452
       Triple sword      |       |       |       |       |   383 |   591 |   531 |   420 ||  1925
Throw: Throwing net      |       |     3 |       |     2 |     3 |       |       |     3 ||    11
Invok: Divine Shield     |       |       |     3 |    12 |    13 |    12 |     7 |    11 ||    58
       Cleansing Flame   |       |       |       |     3 |     4 |       |    15 |    17 ||    39
       Summon Divine War |       |       |       |     1 |     3 |       |       |     1 ||     5
       Brand Weapon With |       |       |       |       |     1 |       |       |       ||     1
 Abil: Heal Wounds       |       |     1 |     6 |    24 |    38 |    12 |    42 |    46 ||   169
       Stop Flying       |       |       |       |       |       |       |       |     1 ||     1
Evoke: Lamp of fire      |       |       |       |       |       |       |     1 |       ||     1
  Use: Potion            |       |       |       |     2 |     7 |     1 |    11 |    14 ||    35
       Scroll            |       |       |       |       |    12 |     3 |     1 |       ||    16
 Stab: Sleeping          |     1 |       |       |       |       |       |       |       ||     1
  Eat: Chunk             |       |       |       |     3 |     1 |       |     1 |       ||     5
       Ration            |       |       |       |     3 |     3 |       |     3 |     3 ||    12
Armor: Leather armour    |     6 |       |       |       |       |       |       |       ||     6
       Chain mail        |       |     1 |    25 |    21 |       |       |       |       ||    47
       Plate armour      |       |       |       |   106 |    64 |       |       |       ||   170
       Gold dragon scale |       |       |       |       |   273 |   157 |   175 |   135 ||   740
Dodge: Dodged            |    16 |     8 |    61 |   147 |   310 |   154 |   261 |   195 ||  1152
Block: Other             |       |       |    10 |   146 |   364 |   258 |   164 |   125 ||  1067
       Rpst.: Long sword |     7 |     2 |     4 |       |       |       |       |       ||    13
       Scimitar          |       |       |    14 |    17 |       |       |       |       ||    31
       Great sword       |       |       |       |    13 |     8 |       |       |       ||    21
       Triple sword      |       |       |       |       |    19 |    18 |    27 |    44 ||   108

Inventory:

Hand Weapons
 a - a +9 triple sword of holy wrath (weapon)
   (You found it in the Dungeon)
 b - the +5 triple sword "Wyecicw" {speed, SInv}
   (You found it in the Dungeon)

   Attacks with this weapon are significantly faster.
   It lets you see invisible.
Armour
 j - a +1 cloak of invisibility
   (You took it off Nikola in the Dungeon)
 k - a +2 cloak (worn)
   (You took it off a draconian scorcher in the Dungeon)
 p - a +0 pair of gloves of strength (worn)
   (You found it in the Dungeon)
 v - the +0 helmet of Wyischomm (worn) {+Inv rElec MR- Str+3}
   (You found it in the Dungeon)

   It affects your strength (+3).
   It insulates you from electricity.
   It affects your resistance to hostile enchantments.
   It lets you turn invisible.
 x - a +0 pair of boots of flying (worn)
   (You found it in the Dungeon)
 I - +5 gold dragon scales (worn) {23 rF+ rC+ rPois}
   (You found it in the Dungeon)
Jewellery
 d - the ring "Jape" (left hand) {Fire Str+9 Slay+3}
   (You found it in the Dungeon)

   [ring of fire]

   It enhances your fire magic.
   It affects your strength (+9).
   It affects your accuracy and damage with ranged weapons and melee attacks
   (+3).
   It protects you from fire.
   It makes you vulnerable to cold.
 y - the ring "Ascham" {rElec rPois rN+ Int+3}
   (You found it in the Dungeon)

   [ring of intelligence]

   It affects your intelligence (+3).
   It insulates you from electricity.
   It protects you from poison.
   It protects you from negative energy.
 D - an uncursed ring of resist corrosion {rCorr}
   (You bought it in a shop in the Dungeon)
 G - a ring of protection from cold (right hand) {rC+}
   (You found it in the Dungeon)
Wands
 m - a wand of iceblast (10)
   (You found it in the Dungeon)
Scrolls
 f - 2 scrolls of fog
 g - 12 scrolls of remove curse
 l - 2 scrolls of amnesia
 r - a scroll of identify
 s - 2 scrolls of fear
 L - 2 scrolls of enchant weapon
 X - 2 scrolls of blinking
Potions
 h - 3 potions of haste
 i - a potion of magic
 t - 2 potions of brilliance
 w - 6 potions of curing
Books
 U - a Fen Folio
   (You found it in the Dungeon)
 W - a book of the Sky
   (You found it in the Dungeon)
Miscellaneous
 S - a lamp of fire
   (You found it in the Dungeon)
 V - a phantom mirror
Comestibles
 e - 2 rations You escaped. You worshipped the Shining One. The Shining One was exalted by your worship. You were not hungry. You visited 1 branch You collected 1930 gold pieces. You spent 665 gold pieces at shops.

Dungeon Overview and Level Annotations

Branches:
Dungeon (1/1)

Altars:
Cheibriados
Dithmenos
Elyvilon
Fedhas
Gozag
Hepliaklqana
Kikubaaqudgha
Makhleb
Nemelex Xobeh
Okawaru
Qazlal
Ru
Sif Muna
Trog
Uskayaw
Vehumet
Wu Jian
Xom
Yredelemnul
Zin
The Shining One
Beogh
Jiyva
Lugonu

Shops:
D

%*[:
▓▓▓▓▓▓▓▓▓▓▓▓▓▓▓▓▓▓
▓@▓...▓...▓...▓...
▓.▓.▓.▓.▓.▓.▓.▓.▓.
▓.▓.▓.▓)▓.▓.▓.▓.▓.
▓.▓.▓.▓.▓.▓.▓.▓.▓.
▓'▓.▓.▓.▓.▓)▓.▓.▓.
▓)▓.▓.▓.▓.▓)▓.▓.▓.
▓.▓.▓.▓.▓.▓.▓.▓.▓.
▓.▓.▓'▓.▓.▓)▓.▓.▓.
▓.▓.▓.▓.▓.▓.▓.▓.▓.


There were no monsters in sight!

Notes
Turn   | Place    | Note
-------+----------+-------------------------------------------
     0 | D        | theanonym the Deep Dwarf Gladiator began the quest for the Orb.
     0 | D        | Reached XP level 1. HP: 19/19 MP: 1/1
     0 | D        | Banished a spatial maelstrom
     8 | D        | Reached skill level 2 in Fighting
    11 | D        | Reached skill level 1 in Armour
    20 | D        | Noticed a crimson imp
    20 | D        | Noticed a worker ant
    31 | D        | Killed a crimson imp
    31 | D        | Reached skill level 3 in Fighting
    31 | D        | Reached skill level 5 in Long Blades
    31 | D        | Reached skill level 2 in Armour
    31 | D        | Reached skill level 4 in Dodging
    31 | D        | Reached XP level 2. HP: 23/28 MP: 2/2
    31 | D        | Reached XP level 3. HP: 28/34 MP: 3/3
    34 | D        | Reached skill level 3 in Armour
    39 | D        | Reached skill level 5 in Dodging
    39 | D        | Reached XP level 4. HP: 33/43 MP: 4/4
    48 | D        | Found a roughly hewn altar of Beogh.
    48 | D        | Found a snail-covered altar of Cheibriados.
    48 | D        | Found a shadowy altar of Dithmenos.
    48 | D        | Found a white marble altar of Elyvilon.
    48 | D        | Found a blossoming altar of Fedhas.
    48 | D        | Found an opulent altar of Gozag.
    50 | D        | Found a hazy altar of Hepliaklqana.
    51 | D        | Found a viscous altar of Jiyva.
    52 | D        | Found an ancient bone altar of Kikubaaqudgha.
    53 | D        | Found a corrupted altar of Lugonu.
    54 | D        | Found a burning altar of Makhleb.
    55 | D        | Found a sparkling altar of Nemelex Xobeh.
    56 | D        | Found an iron altar of Okawaru.
    57 | D        | Found a stormy altar of Qazlal.
    58 | D        | Found a sacrificial altar of Ru.
    59 | D        | Found a deep blue altar of Sif Muna.
    60 | D        | Found a bloodstained altar of Trog.
    61 | D        | Found a hide-covered altar of Uskayaw.
    62 | D        | Found a radiant altar of Vehumet.
    63 | D        | Found an ornate altar of the Wu Jian Council.
    64 | D        | Found a shimmering altar of Xom.
    65 | D        | Found a basalt altar of Yredelemnul.
    66 | D        | Found a glowing silver altar of Zin.
    67 | D        | Found a glowing golden altar of the Shining One.
    75 | D        | Became a worshipper of the Shining One
   124 | D        | Noticed an ogre
   124 | D        | Noticed a two-headed ogre
   124 | D        | Reached * piety under the Shining One
   124 | D        | Noticed an ogre
   130 | D        | Reached skill level 6 in Long Blades
   130 | D        | Reached skill level 4 in Armour
   133 | D        | HP: 20/44 [two-headed ogre/giant spiked club (8)]
   133 | D        | HP: 7/44 [two-headed ogre/giant spiked club (13)]
   153 | D        | Killed a two-headed ogre
   153 | D        | Reached skill level 6 in Fighting
   153 | D        | Reached skill level 10 in Long Blades
   153 | D        | Reached skill level 7 in Armour
   153 | D        | Reached skill level 8 in Dodging
   153 | D        | Reached XP level 5. HP: 9/56 MP: 5/5
   153 | D        | Reached XP level 6. HP: 10/63 MP: 6/6
   153 | D        | Reached XP level 7. HP: 12/70 MP: 7/7
   161 | D        | Reached skill level 7 in Fighting
   161 | D        | Reached skill level 8 in Armour
   166 | D        | Reached skill level 11 in Long Blades
   166 | D        | Reached skill level 9 in Dodging
   168 | D        | Reached ** piety under the Shining One
   194 | D        | Noticed a wyvern
   194 | D        | Noticed a manticore
   194 | D        | Noticed a skeletal warrior
   194 | D        | Noticed a shadow
   194 | D        | Reached *** piety under the Shining One
   199 | D        | Killed a wyvern
   199 | D        | Reached XP level 8. HP: 73/80 MP: 7/7
   213 | D        | Killed a manticore
   213 | D        | Reached skill level 8 in Fighting
   213 | D        | Reached skill level 12 in Long Blades
   213 | D        | Reached skill level 9 in Armour
   225 | D        | HP: 38/81 [skeletal warrior/mace (4)]
   230 | D        | HP: 31/81 [skeletal warrior/mace (4)]
   231 | D        | Killed a skeletal warrior
   231 | D        | Reached skill level 10 in Dodging
   231 | D        | Gained mutation: You passively map the area around you. [Deep Dwarf growth]
   231 | D        | Reached XP level 9. HP: 35/90 MP: 5/8
   235 | D        | Reached skill level 13 in Long Blades
   235 | D        | Reached skill level 10 in Armour
   359 | D        | Noticed a spiny frog
   359 | D        | Reached **** piety under the Shining One
   359 | D        | Noticed a spiny frog
   362 | D        | Reached skill level 1 in Invocations
   369 | D        | Killed a spiny frog
   369 | D        | Reached skill level 9 in Fighting
   369 | D        | Reached skill level 11 in Dodging
   369 | D        | Reached skill level 2 in Invocations
   373 | D        | Reached skill level 3 in Invocations
   385 | D        | Killed a spiny frog
   385 | D        | Reached skill level 4 in Invocations
   393 | D        | Reached skill level 14 in Long Blades
   407 | D        | Reached ***** piety under the Shining One
   415 | D        | Reached skill level 11 in Armour
   418 | D        | Reached skill level 5 in Invocations
   431 | D        | Reached XP level 10. HP: 62/100 MP: 8/12
   442 | D        | Noticed an oklob plant
   451 | D        | Reached skill level 6 in Invocations
   469 | D        | HP: 50/102 [acid (15)]
   470 | D        | Killed an oklob plant
   470 | D        | Reached skill level 10 in Fighting
   470 | D        | Reached skill level 12 in Dodging
   475 | D        | Noticed a spiny frog
   475 | D        | Reached ****** piety under the Shining One
   481 | D        | Killed a spiny frog
   482 | D        | Reached skill level 7 in Invocations
   483 | D        | Noticed a spiny frog
   492 | D        | Reached skill level 15 in Long Blades
   518 | D        | Killed a spiny frog
   518 | D        | Reached skill level 12 in Armour
   638 | D        | Noticed Harold
   654 | D        | Killed Harold
   654 | D        | Reached skill level 8 in Invocations
   815 | D        | Reached skill level 9 in Invocations
   834 | D        | Reached XP level 11. HP: 82/110 MP: 14/14
   845 | D        | Reached skill level 16 in Long Blades
   851 | D        | Reached skill level 11 in Fighting
   878 | D        | HP: 48/111 [orc warrior/flail (11)]
   879 | D        | Reached skill level 13 in Dodging
   936 | D        | Found Omibrok's Food Emporium.
   936 | D        | Noticed an orc high priest
   936 | D        | Noticed an orc sorcerer
   936 | D        | Noticed an orc knight
   938 | D        | Noticed an orc high priest
   944 | D        | Killed an orc high priest
   953 | D        | Killed an orc sorcerer
   953 | D        | Reached skill level 10 in Invocations
   968 | D        | Killed an orc knight
   968 | D        | Reached skill level 13 in Armour
   977 | D        | Noticed an orc sorcerer
   984 | D        | Noticed an orc knight
   984 | D        | Killed an orc high priest
   986 | D        | Found Okhax's General Store.
   994 | D        | Killed an orc sorcerer
   995 | D        | Found Zamadojy's Armour Emporium.
  1007 | D        | Killed an orc knight
  1010 | D        | Found Foineuw's Book Shoppe.
  1012 | D        | Noticed an orc knight
  1015 | D        | Noticed an orc high priest
  1028 | D        | Killed an orc knight
  1028 | D        | Reached skill level 17 in Long Blades
  1028 | D        | Reached skill level 11 in Invocations
  1039 | D        | Killed an orc high priest
  1052 | D        | Bought a +2 plate armour of fire resistance for 400 gold pieces
  1052 | D        | Bought a +0 cloak for 45 gold pieces
  1054 | D        | Bought an uncursed ring of resist corrosion for 220 gold pieces
  1278 | D        | Got the +6 double sword "Hodol" {slice, Dex+4 Stlth+}
  1519 | D        | Noticed a rakshasa
  1521 | D        | Noticed a fire dragon
  1531 | D        | Noticed a tengu warrior
  1537 | D        | Noticed a rakshasa
  1551 | D        | Killed a rakshasa
  1551 | D        | Reached skill level 12 in Fighting
  1551 | D        | Reached skill level 14 in Dodging
  1554 | D        | Killed a fire dragon
  1554 | D        | Reached skill level 12 in Invocations
  1556 | D        | Killed a tengu warrior
  1556 | D        | Reached skill level 14 in Armour
  1556 | D        | Reached XP level 12. HP: 104/122 MP: 6/18
  1557 | D        | Noticed a fire giant
  1563 | D        | Noticed a fire giant
  1565 | D        | Noticed a deep troll earth mage
  1567 | D        | Noticed a deep troll earth mage
  1574 | D        | HP: 45/123 [fire giant (illusionary)/fireball (21)]
  1589 | D        | Killed a rakshasa
  1589 | D        | Reached skill level 18 in Long Blades
  1595 | D        | Killed a fire giant
  1600 | D        | Killed a deep troll earth mage
  1812 | D        | Reached skill level 13 in Invocations
  1833 | D        | Reached skill level 15 in Dodging
  1847 | D        | Reached skill level 13 in Fighting
  1858 | D        | Noticed an alligator
  1858 | D        | Noticed an eight-headed hydra
  1861 | D        | Noticed an alligator
  1868 | D        | Killed an alligator
  1878 | D        | Killed a one-headed hydra
  1878 | D        | Reached skill level 15 in Armour
  1880 | D        | Reached skill level 19 in Long Blades
  1898 | D        | Reached skill level 14 in Invocations
  1906 | D        | HP: 54/126 [alligator (10)]
  1909 | D        | Killed an alligator
  1934 | D        | HP: 57/126 [drowned by a water nymph (10)]
  1986 | D        | Reached XP level 13. HP: 76/133 MP: 9/17
  2024 | D        | Noticed an entropy weaver
  2033 | D        | Killed an entropy weaver
  2040 | D        | Reached skill level 16 in Dodging
  2046 | D        | Reached skill level 15 in Invocations
  2052 | D        | Reached skill level 20 in Long Blades
  2092 | D        | Noticed Azrael
  2110 | D        | Killed Azrael
  2110 | D        | Reached skill level 14 in Fighting
  2110 | D        | Reached skill level 16 in Armour
  2198 | D        | Noticed a fire giant
  2205 | D        | HP: 60/135 [fire giant/fireball (10)]
  2207 | D        | Killed a fire giant
  2212 | D        | Noticed a frost giant
  2225 | D        | HP: 61/136 [spriggan air mage/the air (16)]
  2236 | D        | HP: 51/136 [great orb of eyes (1)]
  2243 | D        | Noticed a fire dragon
  2245 | D        | Reached skill level 16 in Invocations
  2246 | D        | HP: 101/204 [frost giant/battleaxe of freezing (12)]
  2250 | D        | Killed a frost giant
  2250 | D        | Reached skill level 15 in Fighting
  2256 | D        | HP: 57/208 [deep troll earth mage (8)]
  2274 | D        | Noticed a stone giant
  2274 | D        | Killed a fire dragon
  2274 | D        | Reached skill level 17 in Dodging
  2281 | D        | Noticed an ettin
  2298 | D        | Reached skill level 17 in Armour
  2306 | D        | Killed a stone giant
  2306 | D        | Reached skill level 17 in Invocations
  2312 | D        | Killed an ettin
  2312 | D        | Reached skill level 16 in Fighting
  2354 | D        | Noticed a fire dragon
  2390 | D        | Killed a fire dragon
  2390 | D        | Gained mutation: You resist negative energy. (rN+) [Deep Dwarf growth]
  2390 | D        | Reached XP level 14. HP: 91/151 MP: 14/20
  2403 | D        | Noticed a stone giant
  2417 | D        | Reached skill level 18 in Dodging
  2417 | D        | HP: 73/151 [flayed ghost/flay_damage (23)]
  2421 | D        | Reached skill level 17 in Fighting
  2421 | D        | Reached skill level 18 in Invocations
  2423 | D        | HP: 60/153 [fire dragon/blast of flame (14)]
  2426 | D        | Noticed an ironheart preserver
  2434 | D        | HP: 31/153 [flayed ghost/flay_damage (14)]
  2440 | D        | HP: 62/153 [flayed ghost/flay_damage (21)]
  2440 | D        | HP: 15/153 [stone giant (47)]
  2443 | D        | Killed a stone giant
  2455 | D        | Reached skill level 18 in Armour
  2466 | D        | Killed an ironheart preserver
  2631 | D        | Identified a +8 triple sword of holy wrath (a +6 triple sword blessed by the Shining One)
  2631 | D        | Received a gift from the Shining One
  2721 | D        | Noticed Boris
  2729 | D        | Killed Boris
  2729 | D        | Reached skill level 18 in Fighting
  2740 | D        | Noticed Mennas
  2771 | D        | HP: 78/156 [Mennas/eudemon blade of holy wrath (9)]
  2776 | D        | HP: 73/156 [Mennas/eudemon blade of holy wrath (5)]
  2781 | D        | HP: 58/156 [Mennas/eudemon blade of holy wrath (7)]
  2786 | D        | HP: 38/156 [Mennas/eudemon blade of holy wrath (6)]
  2804 | D        | HP: 74/156 [Mennas/eudemon blade of holy wrath (5)]
  2809 | D        | HP: 49/156 [Mennas/eudemon blade of holy wrath (8)]
  2829 | D        | HP: 78/156 [Mennas/eudemon blade of holy wrath (8)]
  2836 | D        | HP: 54/156 [Mennas/eudemon blade of holy wrath (6)]
  2842 | D        | HP: 62/156 [Mennas/eudemon blade of holy wrath (7)]
  2847 | D        | HP: 44/156 [Mennas/eudemon blade of holy wrath (18)]
  2851 | D        | Killed Mennas
  2851 | D        | Reached skill level 19 in Invocations
  2873 | D        | Noticed Mara
  2878 | D        | Noticed theanonym's illusion
  2879 | D        | Killed Mara
  2879 | D        | Reached skill level 21 in Long Blades
  2879 | D        | Reached skill level 19 in Armour
  2898 | D        | Reached skill level 20 in Invocations
  2941 | D        | Reached skill level 19 in Fighting
  2956 | D        | Reached XP level 15. HP: 154/166 MP: 20/20
  2964 | D        | Reached skill level 22 in Long Blades
  2971 | D        | Got a decaying rune of Zot
  2979 | D        | Noticed Ilsuiw
  3037 | D        | Killed Ilsuiw
  3037 | D        | Reached skill level 20 in Armour
  3041 | D        | Reached skill level 21 in Invocations
  3071 | D        | Got a barnacled rune of Zot
  3098 | D        | Noticed a ghost moth
  3098 | D        | Reached skill level 23 in Long Blades
  3103 | D        | Noticed a ghost moth
  3127 | D        | Reached skill level 19 in Dodging
  3142 | D        | Killed a ghost moth
  3146 | D        | Killed a ghost moth
  3146 | D        | Reached skill level 20 in Fighting
  3146 | D        | Reached skill level 22 in Invocations
  3167 | D        | Noticed a ghost moth
  3174 | D        | HP: 80/169 [emperor scorpion (5)]
  3194 | D        | Killed a ghost moth
  3194 | D        | Reached skill level 24 in Long Blades
  3197 | D        | Got a gossamer rune of Zot
  3204 | D        | Noticed a nagaraja
  3205 | D        | Noticed a nagaraja
  3215 | D        | Killed a nagaraja
  3223 | D        | Killed a nagaraja
  3230 | D        | Reached skill level 20 in Dodging
  3263 | D        | Got a serpentine rune of Zot
  3378 | D        | Reached skill level 21 in Fighting
  3378 | D        | Reached skill level 23 in Invocations
  3407 | D        | Reached XP level 16. HP: 168/182 MP: 19/19
  3462 | D        | Reached skill level 22 in Fighting
  3462 | D        | Reached skill level 21 in Dodging
  3475 | D        | Reached skill level 24 in Invocations
  3557 | D        | Noticed a lich
  3558 | D        | Noticed a sphinx
  3578 | D        | Reached skill level 23 in Fighting
  3580 | D        | Killed a lich
  3583 | D        | Reached skill level 25 in Invocations
  3589 | D        | Killed a sphinx
  3589 | D        | Reached skill level 22 in Dodging
  3596 | D        | Noticed a shadow dragon
  3605 | D        | Noticed a shadow dragon
  3619 | D        | Killed a shadow dragon
  3625 | D        | Noticed a tengu reaver
  3635 | D        | Killed a tengu reaver
  3635 | D        | Reached skill level 24 in Fighting
  3644 | D        | Killed a shadow dragon
  3645 | D        | Noticed a deep elf blademaster
  3652 | D        | Killed a deep elf blademaster
  3660 | D        | Reached skill level 26 in Invocations
  3671 | D        | Reached skill level 23 in Dodging
  3713 | D        | Noticed a shadow dragon
  3713 | D        | Noticed a shadow dragon
  3713 | D        | Noticed a quicksilver dragon
  3713 | D        | Noticed a shadow dragon
  3716 | D        | Noticed an ancient lich
  3731 | D        | Noticed a shadow dragon
  3732 | D        | Killed a shadow dragon
  3738 | D        | Killed a shadow dragon
  3740 | D        | Noticed an Executioner
  3748 | D        | Killed an ancient lich
  3748 | D        | Reached skill level 25 in Fighting
  3748 | D        | Reached XP level 17. HP: 174/202 MP: 22/22
  3759 | D        | Reached skill level 27 in Invocations
  3774 | D        | Killed a quicksilver dragon
  3786 | D        | Got a silver rune of Zot
  3830 | D        | Noticed Sojobo
  3834 | D        | Reached skill level 24 in Dodging
  3851 | D        | Killed Sojobo
  3851 | D        | Reached skill level 26 in Fighting
  3872 | D        | Noticed Nikola
  3881 | D        | Noticed Frederick
  3885 | D        | Killed Nikola
  3885 | D        | Reached skill level 21 in Armour
  3892 | D        | Killed Frederick
  3979 | D        | Got the ring "Toclomao" {rC- MR+ Str+3 Int+4 SInv}
  3981 | D        | Got the ring "Neretwar" {rElec Str-3 Int+2 Dex+3}
  3983 | D        | Got the ring of Honesty {rN++ AC+3 Int+4}
  4020 | D        | Got the ring "Jape" {Fire Str+9 Slay+3}
  4022 | D        | Got the ring "Ascham" {rElec rPois rN+ Int+3}
  4045 | D        | Got the +5 triple sword "Wyecicw" {speed, SInv}
  4049 | D        | Found the +0 Maxwell's etheric cage {RegenMP+ *Contam rElec MP+4}
  4060 | D        | Got the +0 helmet of Wyischomm {+Inv rElec MR- Str+3}
  4197 | D        | Noticed Jory
  4207 | D        | Killed Jory
  4208 | D        | Noticed Margery
  4210 | D        | Reached skill level 27 in Fighting
  4212 | D        | Reached skill level 25 in Dodging
  4216 | D        | Killed Margery
  4216 | D        | Reached skill level 22 in Armour
  4249 | D        | Noticed a juggernaut
  4249 | D        | Noticed a tentacled monstrosity
  4258 | D        | Killed a juggernaut
  4258 | D        | Reached skill level 23 in Armour
  4258 | D        | Reached skill level 26 in Dodging
  4260 | D        | Killed a tentacled monstrosity
  4279 | D        | Reached skill level 24 in Armour
  4301 | D        | Reached skill level 27 in Dodging
  4302 | D        | Noticed a bone dragon
  4321 | D        | Killed a bone dragon
  4321 | D        | Reached skill level 25 in Armour
  4337 | D        | Reached skill level 26 in Armour
  4360 | D        | Noticed a tentacled monstrosity
  4370 | D        | Killed a tentacled monstrosity
  4370 | D        | Gained mutation: You passively map a large area around you. [Deep Dwarf growth]
  4370 | D        | Reached XP level 18. HP: 218/218 MP: 21/21
  4382 | D        | Reached skill level 27 in Armour
  4382 | D        | Reached skill level 2 in Spellcasting
  4395 | D        | Reached skill level 4 in Spellcasting
  4410 | D        | Reached skill level 5 in Spellcasting
  4423 | D        | Noticed a tentacled monstrosity
  4432 | D        | Noticed a tentacled monstrosity
  4433 | D        | Reached skill level 6 in Spellcasting
  4439 | D        | Killed a tentacled monstrosity
  4439 | D        | Reached skill level 7 in Spellcasting
  4446 | D        | Reached skill level 25 in Long Blades
  4446 | D        | Reached skill level 8 in Spellcasting
  4448 | D        | Killed a tentacled monstrosity
  4453 | D        | Reached skill level 9 in Spellcasting
  4475 | D        | Noticed a golden dragon
  4476 | D        | Noticed a tentacled monstrosity
  4480 | D        | Killed a golden dragon
  4480 | D        | Reached skill level 10 in Spellcasting
  4482 | D        | Noticed a tentacled monstrosity
  4497 | D        | Reached skill level 11 in Spellcasting
  4504 | D        | Reached skill level 26 in Long Blades
  4508 | D        | Killed a tentacled monstrosity
  4512 | D        | Killed a tentacled monstrosity
  4512 | D        | Reached skill level 12 in Spellcasting
  4536 | D        | Noticed a tentacled monstrosity
  4549 | D        | Reached skill level 13 in Spellcasting
  4561 | D        | Killed a tentacled monstrosity
  4561 | D        | Reached skill level 27 in Long Blades
  4568 | D        | Reached skill level 14 in Spellcasting
  4581 | D        | Reached skill level 15 in Spellcasting
  4701 | D        | Noticed an Orb Guardian
  4701 | D        | Noticed an Orb Guardian
  4701 | D        | Noticed an Orb Guardian
  4701 | D        | Noticed an Orb Guardian
  4701 | D        | Noticed an Orb Guardian
  4701 | D        | Noticed an Orb Guardian
  4714 | D        | Killed an Orb Guardian
  4714 | D        | Reached skill level 16 in Spellcasting
  4717 | D        | Noticed an Orb Guardian
  4717 | D        | Killed an Orb Guardian
  4719 | D        | Killed an Orb Guardian
  4719 | D        | Reached skill level 17 in Spellcasting
  4726 | D        | Killed an Orb Guardian
  4727 | D        | Noticed an Orb Guardian
  4728 | D        | Killed an Orb Guardian
  4728 | D        | Reached skill level 18 in Spellcasting
  4729 | D        | Noticed an Orb Guardian
  4733 | D        | Noticed an Orb Guardian
  4734 | D        | Killed an Orb Guardian
  4737 | D        | Killed an Orb Guardian
  4737 | D        | Reached skill level 19 in Spellcasting
  4740 | D        | Killed an Orb Guardian
  4745 | D        | Killed an Orb Guardian
  4749 | D        | Killed an Orb Guardian
  4749 | D        | Reached skill level 20 in Spellcasting
  4759 | D        | Noticed an Orb Guardian
  4759 | D        | Noticed an Orb Guardian
  4766 | D        | Noticed an Orb Guardian
  4771 | D        | Noticed an Orb Guardian
  4771 | D        | Killed an Orb Guardian
  4771 | D        | Reached XP level 19. HP: 198/226 MP: 27/27
  4774 | D        | Reached skill level 21 in Spellcasting
  4794 | D        | Reached skill level 22 in Spellcasting
  4813 | D        | Noticed an ancient lich
  4817 | D        | Killed an ancient lich
  4817 | D        | Reached skill level 23 in Spellcasting
  4821 | D        | Noticed an orb of fire
  4821 | D        | Gained mutation: You are dopey. (Int -2) [an orb of fire]
  4834 | D        | Killed an orb of fire
  4834 | D        | Reached skill level 24 in Spellcasting
  4837 | D        | Noticed an electric golem
  4838 | D        | Killed an electric golem
  4841 | D        | Noticed an orb of fire
  4841 | D        | Noticed an electric golem
  4841 | D        | Noticed an ancient lich
  4848 | D        | Killed an orb of fire
  4848 | D        | Reached skill level 25 in Spellcasting
  4849 | D        | Noticed an orb of fire
  4855 | D        | Noticed an electric golem
  4861 | D        | Killed an ancient lich
  4861 | D        | Reached skill level 26 in Spellcasting
  4865 | D        | Noticed a golden dragon
  4870 | D        | Noticed a golden dragon
  4874 | D        | Gained mutation: Scrolls take you a little longer to read. [an orb of fire]
  4875 | D        | Killed an orb of fire
  4875 | D        | Reached skill level 27 in Spellcasting
  4875 | D        | Reached skill level 10 in Evocations
  4883 | D        | Killed an electric golem
  4883 | D        | Reached skill level 12 in Evocations
  4888 | D        | Killed an electric golem
  4888 | D        | Reached skill level 14 in Evocations
  4892 | D        | Reached skill level 15 in Evocations
  4896 | D        | Killed a golden dragon
  4896 | D        | Reached skill level 17 in Evocations
  4906 | D        | Killed a golden dragon
  4906 | D        | Reached skill level 19 in Evocations
  4911 | D        | Reached skill level 20 in Evocations
  4920 | D        | Reached skill level 21 in Evocations
  4948 | D        | Reached skill level 22 in Evocations
  4951 | D        | Reached skill level 23 in Evocations
  4959 | D        | Reached skill level 24 in Evocations
  4959 | D        | Reached XP level 20. HP: 146/236 MP: 34/34
  4980 | D        | Reached skill level 25 in Evocations
  4992 | D        | Reached skill level 26 in Evocations
  5003 | D        | Reached skill level 27 in Evocations
  5003 | D        | Reached skill level 2 in Throwing
  5003 | D        | Reached skill level 3 in Stealth
  5003 | D        | Reached skill level 1 in Unarmed Combat
  5010 | D        | Reached skill level 3 in Throwing
  5010 | D        | Reached skill level 6 in Stealth
  5010 | D        | Reached skill level 2 in Unarmed Combat
  5012 | D        | Reached skill level 4 in Throwing
  5012 | D        | Reached skill level 8 in Stealth
  5012 | D        | Reached skill level 3 in Unarmed Combat
  5019 | D        | Reached skill level 4 in Unarmed Combat
  5025 | D        | Reached skill level 5 in Throwing
  5025 | D        | Reached skill level 10 in Stealth
  5111 | D        | Reached skill level 5 in Unarmed Combat
  5114 | D        | Reached skill level 11 in Stealth
  5115 | D        | Noticed an ancient lich
  5118 | D        | Reached skill level 6 in Throwing
  5120 | D        | Reached skill level 12 in Stealth
  5120 | D        | Reached skill level 6 in Unarmed Combat
  5127 | D        | Reached skill level 7 in Throwing
  5127 | D        | Reached skill level 13 in Stealth
  5130 | D        | Reached skill level 7 in Unarmed Combat
  5134 | D        | Killed an ancient lich
  5134 | D        | Reached skill level 8 in Throwing
  5134 | D        | Reached skill level 15 in Stealth
  5134 | D        | Reached skill level 8 in Unarmed Combat
  5136 | D        | Reached skill level 16 in Stealth
  5137 | D        | Reached skill level 9 in Throwing
  5154 | D        | Reached skill level 9 in Unarmed Combat
  5171 | D        | Reached skill level 17 in Stealth
  5207 | D        | Reached skill level 10 in Throwing
  5207 | D        | Reached skill level 18 in Stealth
  5207 | D        | Reached skill level 10 in Unarmed Combat
  5217 | D        | Reached skill level 19 in Stealth
  5223 | D        | Reached skill level 11 in Throwing
  5226 | D        | Reached skill level 20 in Stealth
  5226 | D        | Reached skill level 11 in Unarmed Combat
  5240 | D        | Reached skill level 21 in Stealth
  5244 | D        | Got an elven rune of Zot
  5276 | D        | Paralysed by a floating eye for 2 turns
  5281 | D        | Reached skill level 12 in Throwing
  5283 | D        | Paralysed by a floating eye for 2 turns
  5287 | D        | Reached skill level 12 in Unarmed Combat
  5290 | D        | Reached skill level 22 in Stealth
  5292 | D        | Paralysed by a floating eye for 2 turns
  5301 | D        | Noticed the Royal Jelly
  5330 | D        | Killed the Royal Jelly
  5330 | D        | Reached skill level 13 in Throwing
  5330 | D        | Reached skill level 24 in Stealth
  5330 | D        | Reached skill level 13 in Unarmed Combat
  5345 | D        | HP: 114/236 [death ooze[the Royal Jelly] (14)]
  5359 | D        | HP: 62/235 [death ooze[the Royal Jelly] (11)]
  5365 | D        | HP: 46/235 [death ooze[the Royal Jelly] (16)]
  5419 | D        | Reached skill level 14 in Throwing
  5482 | D        | Reached skill level 14 in Unarmed Combat
  5487 | D        | Reached skill level 25 in Stealth
  5506 | D        | Reached skill level 26 in Stealth
  5506 | D        | Reached XP level 21. HP: 221/244 MP: 34/34
  5510 | D        | Reached skill level 15 in Throwing
  5527 | D        | Got a slimy rune of Zot
  5619 | D        | Reached skill level 15 in Unarmed Combat
  5629 | D        | Reached skill level 27 in Stealth
  5630 | D        | Paralysed by a sphinx for 7 turns
  5644 | D        | Reached skill level 16 in Throwing
  5644 | D        | Reached skill level 16 in Unarmed Combat
  5652 | D        | Reached skill level 17 in Throwing
  5652 | D        | Reached skill level 17 in Unarmed Combat
  5703 | D        | Reached skill level 18 in Throwing
  5716 | D        | Reached skill level 18 in Unarmed Combat
  5732 | D        | Noticed a greater mummy
  5754 | D        | HP: 107/243 [??? (47)]
  5758 | D        | HP: 53/243 [??? (23)]
  5761 | D        | Killed a greater mummy
  5761 | D        | Reached skill level 19 in Throwing
  5764 | D        | HP: 12/243 [guardian mummy's death curse (30)]
  5770 | D        | Reached skill level 19 in Unarmed Combat
  5793 | D        | Noticed a greater mummy
  5793 | D        | Noticed a greater mummy
  5793 | D        | Noticed a greater mummy
  5793 | D        | Noticed a greater mummy
  5793 | D        | Noticed a greater mummy
  5798 | D        | Killed a greater mummy
  5799 | D        | Noticed a greater mummy
  5800 | D        | Killed a greater mummy
  5800 | D        | Reached skill level 20 in Throwing
  5800 | D        | Reached skill level 20 in Unarmed Combat
  5801 | D        | Noticed a greater mummy
  5803 | D        | Killed a greater mummy
  5805 | D        | Killed a greater mummy
  5805 | D        | Reached skill level 21 in Throwing
  5805 | D        | Reached skill level 21 in Unarmed Combat
  5808 | D        | Noticed a greater mummy
  5810 | D        | HP: 97/244 [torment (45)]
  5818 | D        | HP: 96/244 [emperor scorpion[a greater mummy] (1)]
  5834 | D        | HP: 113/244 [??? (48)]
  5836 | D        | Killed a greater mummy
  5845 | D        | Killed a greater mummy
  5845 | D        | Reached skill level 22 in Throwing
  5845 | D        | Reached skill level 22 in Unarmed Combat
  5852 | D        | Killed a greater mummy
  5859 | D        | Killed a greater mummy
  5866 | D        | Got a golden rune of Zot
  5891 | D        | Reached skill level 23 in Throwing
  5894 | D        | Reached skill level 23 in Unarmed Combat
  5920 | D        | Got an abyssal rune of Zot
  6043 | D        | Noticed Geryon
  6054 | D        | Killed Geryon
  6056 | D        | Noticed Mnoleg
  6056 | D        | Noticed Antaeus
  6057 | D        | Noticed Asmodeus
  6068 | D        | Noticed Gloorx Vloq
  6078 | D        | HP: 117/244 [Antaeus (8)]
  6083 | D        | Killed Antaeus
  6083 | D        | HP: 62/244 [Antaeus/exploding inner flame[Mnoleg] (12)]
  6083 | D        | Reached skill level 24 in Throwing
  6083 | D        | Reached skill level 24 in Unarmed Combat
  6083 | D        | Reached XP level 22. HP: 64/254 MP: 27/27
  6088 | D        | HP: 61/254 [??? (26)]
  6091 | D        | Noticed Lom Lobon
  6094 | D        | Killed Mnoleg
  6094 | D        | Reached skill level 25 in Throwing
  6094 | D        | Reached skill level 25 in Unarmed Combat
  6094 | D        | HP: 54/254 [???[Asmodeus] (24)]
  6101 | D        | HP: 47/254 [Asmodeus] (4)]
  6102 | D        | HP: 19/254 [??? (6)]
  6105 | D        | Killed Asmodeus
  6105 | D        | Reached skill level 26 in Throwing
  6105 | D        | Reached skill level 26 in Unarmed Combat
  6110 | D        | HP: 41/253 [??? (18)]
  6115 | D        | Killed Gloorx Vloq
  6116 | D        | Noticed Cerebov
  6116 | D        | HP: 8/254 [Lom Lobon/great icy blast (47)]
  6124 | D        | HP: 102/254 [Lom Lobon] (2)]
  6131 | D        | Killed Lom Lobon
  6131 | D        | Reached skill level 27 in Throwing
  6131 | D        | Reached skill level 27 in Unarmed Combat
  6132 | D        | HP: 102/254 [Cerebov/great serpentine sword {flame} (14)]
  6137 | D        | HP: 85/254 [something (3)]
  6148 | D        | Killed Cerebov
  6149 | D        | Noticed Ereshkigal
  6166 | D        | HP: 102/254 [???[Ereshkigal] (46)]
  6171 | D        | Killed Ereshkigal
  6184 | D        | Got a glowing rune of Zot
  6188 | D        | Got an icy rune of Zot
  6192 | D        | Got an obsidian rune of Zot
  6196 | D        | Got a dark rune of Zot
  6200 | D        | Got a magical rune of Zot
  6202 | D        | Noticed Dispater
  6216 | D        | HP: 112/254 [???[Dispater] (50)]
  6216 | D        | Killed Dispater
  6218 | D        | Got a bone rune of Zot
  6222 | D        | Got an iron rune of Zot
  6229 | D        | Got a fiery rune of Zot
  6641 | D        | Got the Orb of Zot
  6957 | D        | HP: 119/254 [Brimstone Fiend/damnation (36)]
  7694 | D        | Reached XP level 23. HP: 262/262 MP: 19/19
  7793 | D        | Noticed Reyru the pandemonium lord
  7800 | D        | Killed Reyru the pandemonium lord
  7817 | D        | Noticed Toshrus the pandemonium lord
  7835 | D        | Killed Toshrus the pandemonium lord
  7880 | D        | Noticed Cepiebb the pandemonium lord
  7890 | D        | HP: 127/262 [??? (61)]
  7891 | D        | Killed Cepiebb the pandemonium lord
  7988 | D        | Noticed Humio the pandemonium lord
  7993 | D        | Killed Humio the pandemonium lord
  8071 | D        | Noticed Ziucegis the pandemonium lord
  8077 | D        | Killed Ziucegis the pandemonium lord
  8101 | D        | Noticed Ytyhya the pandemonium lord
  8115 | D        | Killed Ytyhya the pandemonium lord
  8145 | D        | Noticed Rath the pandemonium lord
  8156 | D        | HP: 104/262 [???[Ziucegis] (51)]
  8161 | D        | HP: 64/262 [Rath the pandemonium lord/damnation (16)]
  8168 | D        | Killed Rath the pandemonium lord
  8190 | D        | Noticed Agenk the pandemonium lord
  8195 | D        | Killed Agenk the pandemonium lord
  8393 | D        | HP: 119/262 [??? (54)]
  8486 | D        | Noticed Xaq Xoc the pandemonium lord
  8498 | D        | Killed Xaq Xoc the pandemonium lord
  8510 | D        | Noticed Imemix the pandemonium lord
  8520 | D        | Killed Imemix the pandemonium lord
  8589 | D        | Noticed Tiytum the pandemonium lord
  8592 | D        | Reached XP level 24. HP: 272/272 MP: 16/16
  8601 | D        | Killed Tiytum the pandemonium lord
  8682 | D        | Noticed Sogiysit the pandemonium lord
  8683 | D        | HP: 121/272 [??? (58)]
  8687 | D        | Killed Sogiysit the pandemonium lord
  8730 | D        | Escaped with the Orb!

Vanquished Creatures
  Cerebov (D)
  Antaeus (D)
  Asmodeus (D)
  the Royal Jelly (D)
  Ereshkigal (D)
  Gloorx Vloq (D)
  Lom Lobon (D)
  Mnoleg (D)
  Dispater (D)
  3 orbs of fire (D)
  Mara (D)
  4 ancient liches (D)
  Mennas (D)
  A juggernaut (D)
  9 greater mummies (D)
  Sojobo (D)
  Boris (D)
  Frederick (D)
  Margery (D)
  12 pandemonium lords (D)
  3 golden dragons (D)
  Geryon (D)
  Nikola (D)
  Jory (D)
  A profane servitor (D)
  A bone dragon (D)
  3 electric golems (D)
  2 Brimstone Fiends (D)
  7 tentacled monstrosities (D)
  4 Hell Sentinels (D)
  3 Ice Fiends (D)
  5 liches (D)
  46 Orb Guardians (D)
  2 deep elf blademasters (D)
  2 quicksilver dragons (D)
  4 deep elf master archers (D)
  7 acid blobs (D)
  13 sphinxes (D)
  8 shadow dragons (D)
  2 Executioners (D)
  2 tentacled starspawn (D)
  3 death cobs (D)
  2 tengu reavers (D)
  4 draconian monks (D)
  Ilsuiw (D)
  3 deep elf sorcerers (D)
  4 storm dragons (D)
  2 daevas (D)
  8 azure jellies (D)
  2 fire giants (D)
  3 frost giants (D)
  2 nagarajas (D)
  3 ghost moths (D)
  2 draconian scorchers (D)
  A vault warden (D)
  2 balrugs (D)
  8 emperor scorpions (D)
  A cacodemon (D)
  3 draconian stormcallers (D)
  A draconian shifter (D)
  2 reapers (D)
  A war gargoyle (D)
  2 ironheart preservers (D)
  4 stone giants (D)
  A very ugly thing (D)
  A blood saint (D)
  An entropy weaver (D)
  3 black draconians (D)
  2 deep elf demonologists (D)
  Azrael (D)
  10 vampire knights (D)
  2 green draconians (D)
  3 deep elf annihilators (D)
  3 lorocyprocas (D)
  3 white draconians (D)
  A red draconian (D)
  4 yellow draconians (D)
  A crystal guardian (D)
  2 ettins (D)
  4 merfolk javelineers (D)
  3 blizzard demons (D)
  A green death (D)
  4 mummy priests (D)
  6 death oozes (D)
  5 fire dragons (D)
  A deep elf high priest (D)
  4 merfolk impalers (D)
  3 yaktaur captains (D)
  4 monstrous demonspawn (D)
  2 great orbs of eyes (D)
  4 ice dragons (D)
  3 rakshasas (D)
  3 naga warriors (D)
  3 hell beasts (D)
  25 vault guards (D)
  7 hydras (D)
  Harold (D)
  A merfolk avatar (D)
  A spriggan air mage (D)
  2 death knights (D)
  2 merfolk aquamancers (D)
  A two-headed ogre (D)
  A tengu warrior (D)
  2 alligators (D)
  A deep troll shaman (D)
  3 orc high priests (D)
  3 deep troll earth magi (D)
  A spriggan berserker (D)
  A naga sharpshooter (D)
  A thrashing horror (D)
  3 sun demons (D)
  4 soul eaters (D)
  4 hell knights (D)
  2 skeletal warriors (D)
  A spriggan druid (D)
  An infernal demonspawn (D)
  A torturous demonspawn (D)
  A flayed ghost (D)
  4 sixfirhies (D)
  A wizard (D)
  4 orc knights (D)
  5 ironbrand convokers (D)
  4 swamp dragons (D)
  A harpy (D)
  3 necromancers (D)
  2 orc sorcerers (D)
  A mana viper (D)
  4 wolf spiders (D)
  An oklob plant (D)
  An ugly thing (D)
  4 large abominations (D)
  A merfolk siren (D)
  4 manticores (D)
  A black mamba (shapeshifter) (D)
  11 moths of wrath (D)
  A guardian serpent (D)
  6 naga magi (D)
  4 smoke demons (D)
  3 black mambas (D)
  9 rust devils (D)
  17 orange demons (D)
  2 water nymphs (D)
  4 vault sentinels (D)
  7 spiny frogs (D)
  4 yaktaurs (D)
  7 ice devils (D)
  A komodo dragon (D)
  2 demonic crawlers (D)
  A freezing wraith (D)
  15 guardian mummies (D)
  4 hellwings (D)
  5 tormentors (D)
  A wandering mushroom (D)
  A jumping spider (shapeshifter) (D)
  4 red devils (D)
  A jumping spider (D)
  3 merfolk (D)
  4 tyrant leeches (D)
  A blink frog (D)
  A bog body (D)
  2 slime creatures (D)
  2 hippogriffs (D)
  A water elemental (D)
  2 shadows (D)
  A tarantella (D)
  A vampire (D)
  2 redbacks (D)
  11 spriggans (D)
  A wyvern (D)
  7 ynoxinuls (D)
  2 fire elementals (D)
  A yak (D)
  A basilisk (shapeshifter) (D)
  2 golden eyes (D)
  3 neqoxecs (D)
  A basilisk (D)
  3 chaos spawn (D)
  2 vampire mosquitoes (D)
  4 nagas (D)
  2 acid dragons (D)
  A soldier ant (shapeshifter) (D)
  A floating eye (D)
  2 water moccasins (D)
  3 hell hounds (D)
  A sky beast (D)
  14 orc warriors (D)
  A porcupine (D)
  2 swamp drakes (D)
  2 ogres (D)
  A wolf (D)
  An eye of draining (D)
  3 crocodiles (D)
  3 small abominations (D)
  6 bullfrogs (D)
  A scorpion (D)
  4 crimson imps (D)
  A hound (D)
  2 orc priests (D)
  3 orc wizards (D)
  3 iron imps (D)
  2 worker ants (D)
  2 shadow imps (D)
  An ufetubus (D)
  An adder zombie (D)
  An adder skeleton (D)
  4 ball lightnings (D)
  A dart slug (D)
  11 orcs (D)
  A bat zombie (D)
  A quokka (D)
  3 bats (D)
  A kobold (D)
  A quokka skeleton (D)
  A starspawn tentacle (D)
681 creatures vanquished.

Vanquished Creatures (collateral kills)
  A stone giant (D)
  A fire dragon (D)
2 creatures vanquished.

Vanquished Creatures (others)
  A spatial maelstrom (D)
  A naga (D)
  5 ball lightnings (D)
  A bat skeleton (D)
  3 starspawn tentacles (D)
11 creatures vanquished.

Grand Total: 694 creatures vanquished

Table legend:
 A = Turns spent in this place as a percentage of turns spent in the entire game.
 B = Non-inter-level travel turns spent in this place as a percentage of non-inter-level travel turns spent in the entire game.
 C = Inter-level travel turns spent in this place as a percentage of turns spent in this place.
 D = Turns resting spent in this place as a percentage of non-inter-level travel turns spent in this place.
 E = Turns spent auto-exploring this place as a percentage of non-inter-level travel turns spent in this place.
 F = Non-inter-level travel turns spent in this place divided by the number of levels of this place that you've seen.
                   A       B       C       D       E      F
               +-------+-------+-------+-------+-------+----------------------
         Total | 100.0 | 100.0 |  20.1 |   1.1 |  30.5 | 6979.0
       Dungeon | 100.0 | 100.0 |  20.1 |   1.1 |  30.5 | 6979.0
               +-------+-------+-------+-------+-------+----------------------
